 Dungeon Crawl Stone Soup version 0.30.0-29-ga12c61a403 (webtiles) character file.

Game seed: 1237228259483949079

2628 ChadusMaximus the Cleaver (level 9, -4/80 HPs)
             Began as a Minotaur Fighter on June 24, 2023.
             Was a Believer of Okawaru.
             Slain by an ogre
             ... wielding a +0 giant club
              (25 damage)
             ... on level 7 of the Dungeon.
             The game lasted 00:06:06 (7050 turns).

ChadusMaximus the Cleaver (Minotaur Fighter)        Turns: 7050, Time: 00:06:07

Health: -4/80      AC:  8    Str: 25    XL:     9   Next: 35%
Magic:  8/10       EV: 10    Int:  5    God:    Okawaru [**....]
Gold:   416        SH:  6    Dex: 10    Spells: 8/8 levels left

rFire   . . .        a - +0 war axe
rCold   . . .        c - +0 buckler
rNeg    . . .        u - +0 chain mail
rPois   .            (helmet restricted)
rElec   .            (no cloak)
rCorr   .            (no gloves)
SInv    .            (no boots)
Will    .....        (no amulet) Stlth
                     (no ring)
HPRegen 0.33/turn    (no ring)
MPRegen 0.12/turn

%: no passive effects
@: heroic, corroded
A: horns 2, retaliatory headbutt
a: Renounce Religion, Heroism


You were on level 7 of the Dungeon.
You worshipped Okawaru.
Okawaru was pleased with you.
You visited 2 branches of the dungeon, and saw 8 of its levels.
You also visited: Sewer.

You collected 416 gold pieces.

Inventory:

Hand Weapons
 a - a +0 war axe (weapon)
Missiles
 B - a throwing net (quivered)
Armour
 b - a +0 scale mail
 c - a +0 buckler (worn)
 u - a +0 chain mail (worn)
Jewellery
 o - an amulet of guardian spirit
 G - a ring of willpower
Wands
 t - a wand of charming (5)
 y - a wand of flame (22)
 I - a wand of mindburst (17)
Scrolls
 e - a scroll of noise
 f - 3 scrolls of blinking
 j - 2 scrolls of magic mapping
 m - a scroll of torment {unknown}
 p - 3 scrolls of teleportation
 r - 3 scrolls of fear
 s - a scroll of poison
 A - 2 scrolls of enchant armour
 C - a scroll of immolation
 D - 3 scrolls of vulnerability {unknown}
 F - a scroll of identify
 H - a scroll of enchant weapon {unknown}
Potions
 d - 2 potions of might
 g - a potion of invisibility
 h - a potion of lignification {unknown}
 i - a potion of ambrosia {unknown}
 k - a potion of degeneration {unknown}
 l - a potion of cancellation {unknown}
 n - 3 potions of heal wounds
 q - 2 potions of flight {unknown}
 v - 3 potions of curing {unknown}
 w - a potion of brilliance {unknown}
 x - 3 potions of haste {unknown}
 z - 4 potions of mutation {unknown}
 E - 2 potions of resistance {unknown}


   Skills:
 + Level 7.6(12.6) Fighting
 * Level 9.7(14.7) Axes
 + Level 7.5(12.5) Armour
 - Level 6.8(11.8) Shields
 * Level 3.7 Invocations


You had 8 spell levels left.
You didn't know any spells.
Your spell library contained the following spells:

 Spells                   Type           Power      Damage    Failure   Level
 Slow                     Hex            0%         N/A       91%         1
 Cigotuvi's Dreadful Rot  Necr/Pois/Air  0%         N/A       97%         2
 Confusing Touch          Hex            0%         N/A       100%        3
 Ignite Poison            Fire/Tmut/Pois 0%         N/A       100%        3
 Vampiric Draining        Necr           0%         2d6       100%        3
 Vhi's Electric Charge    Tloc/Air       0%         N/A       100%        3
 Anguish                  Hex/Necr       0%         N/A       100%        4
 Cause Fear               Hex            0%         N/A       100%        4
 Arcjolt                  Conj/Air       0%         1d10      100%        5
 Freezing Cloud           Conj/Ice/Air   0%         6-21      100%        5
 Plasma Beam              Fire/Air       0%         2x1d11    100%        6
 Enfeeble                 Hex            0%         N/A       100%        7


Dungeon Overview and Level Annotations

Branches:
Dungeon (7/15)             Temple (1/1) D:4           Sewer (visited)

Altars:
Cheibriados
Elyvilon
Gozag
Hepliaklqana
Kikubaaqudgha
Makhleb
Okawaru
Ru
Sif Muna
Trog
Uskayaw
Vehumet
Xom
Yredelemnul
Zin
The Shining One

Annotations:
D:4 2 transporters, Graphine's ghost, novice FoHu


Innate Abilities, Weirdness & Mutations

You have a pair of horns on your head.
You reflexively headbutt those who attack you in melee.


Message History

Found a dented fluorescent amulet.
An ogre comes into view. It is wielding a +0 giant club.
The ogre shouts!
Throw: 2 throwing nets
Press: ? - help, Q - select action, (/) - cycle Shift-Dir - straight line, f - ogre
Aim: an ogre, wielding a +0 giant club (74% to hit)
You throw a throwing net. The throwing net hits the ogre.
The ogre is caught in the net!
The ogre struggles against the net.
The ogre struggles against the net.
A jelly comes into view.
The ogre struggles against the net.
The jelly quivers.
The ogre struggles against the net.
You gain the combat prowess of a mighty hero.
The ogre struggles against the net.
Found 18 gold pieces.
You hear the slow hiss of an avalanche of sand very nearby.
You block the jelly's attack.
The ogre struggles against the net.
The net rips apart, and the ogre comes free!
You hit the jelly but do no damage. The acid corrodes you!
Your hands burn!
* * * LOW HITPOINT WARNING * * *
You headbutt the jelly!
The jelly is severely wounded.
You block the jelly's attack.
You slice the jelly!!
You kill the jelly!
Okawaru accepts your kill.
Unknown command.
You slash the ogre!
You headbutt the ogre, but do no damage.
The ogre is heavily wounded.
You barely miss the ogre.
The ogre is heavily wounded.
The ogre misses you.
Unknown command.
You slash the ogre!
The ogre is severely wounded.
The ogre hits you with a +0 giant club!!
You die...

,~~*,,~~,,*,,,,,,.....##.........
,,,*,,,,,,*,***,*##..............
,*~,,,~*~,*,* *,* #...##.........
**~~~~,~,,,,***+###.##...........
~~~,~~,,,,,,,,+_###.#.........###
,~~~,,,,,**,**#+**#..#........##.
~~,~~~,~,,,,* #.* #......#....#..
***,***,,.#.###.###.#.#.##....#..
* *,,*,,,.......@O..###..........
****,,,,,...........# #.......#..
,,,,,,,,*.....##....#*#..##...#..
*****,,,,$...*,##....#...##.#.##.
*,,,,#..,*,*####.##"##..#.###
*,,,*##,,,,,,,,,.....#.....,.
**,,**∩**,,,,,,,,....,...###>.
**,,**,,,**,,,,,,,......,,*,*.#
*,,**,,,,,**,,,,,,,,,,,,,,,,..#


You could see an ogre.

Vanquished Creatures
  Grinder (D:5)
  A wyvern (D:7)
  Eustachio (D:6)
  A water moccasin (D:7)
  A black bear (D:6)
  An orc warrior (D:7)
  An ogre (D:4)
  A phantom (D:4)
  3 bullfrogs
  A gnoll sergeant (D:7)
  A scorpion (D:5)
  3 killer bees (D:5)
  A howler monkey (D:4)
  7 jellies
  4 orc priests
  6 hounds
  Crazy Yiuf (D:5)
  A gnoll bouda (D:5)
  2 sleepcaps
  2 iguanas (D:5)
  5 orc wizards
  18 gnolls
  10 adders
  A river rat (D:3)
  A shadow imp (D:3)
  A white imp (D:5)
  2 worms (D:3)
  5 dart slugs
  14 orcs
  6 ball pythons
  11 endoplasms
  3 giant cockroaches
  5 hobgoblins
  4 jackals
  5 quokkas
  4 bats
  10 frilled lizards
  12 goblins
  7 kobolds
  4 rats
168 creatures vanquished.

Vanquished Creatures (others)
  A kobold (D:4)
1 creature vanquished.

Grand Total: 169 creatures vanquished

Notes
Turn   | Place    | Note
-------+----------+-------------------------------------------
     0 | D:1      | ChadusMaximus the Minotaur Fighter began the quest for the
                  | Orb.
     0 | D:1      | Reached XP level 1. HP: 19/19 MP: 0/0
   115 | D:1      | Reached XP level 2. HP: 27/27 MP: 1/1
   155 | D:1      | Reached skill level 3 in Axes
   385 | D:1      | Reached XP level 3. HP: 32/33 MP: 2/2
   926 | D:2      | Found a faded altar of an unknown god.
  1560 | D:3      | Reached XP level 4. HP: 26/40 MP: 3/3
  1563 | D:3      | Reached skill level 4 in Axes
  1692 | D:3      | Reached XP level 5. HP: 44/47 MP: 4/4
  1984 | D:3      | Found a glowing drain.
  1988 | Sewer    | Entered a sewer
  2390 | Sewer    | Reached skill level 5 in Axes
  2399 | Sewer    | Reached skill level 5 in Fighting
  2399 | Sewer    | Reached skill level 5 in Shields
  2399 | Sewer    | Reached XP level 6. HP: 41/56 MP: 5/5
  2968 | D:3      | Reached skill level 5 in Armour
  3299 | D:4      | Found a transporter.
  3302 | D:4      | Noticed Graphine's ghost (novice FoHu)
  3324 | D:4      | Found a transporter.
  3490 | D:4      | Found a staircase to the Ecumenical Temple.
  3567 | Temple   | Entered the Ecumenical Temple
  3628 | Temple   | Became a worshipper of Warmaster Okawaru
  3708 | D:4      | Reached skill level 6 in Axes
  3727 | D:4      | Reached XP level 7. HP: 57/61 MP: 6/6
  4667 | D:5      | Entered Level 5 of the Dungeon
  4752 | D:5      | Reached skill level 7 in Axes
  4976 | D:5      | Reached XP level 8. HP: 54/70 MP: 7/7
  4978 | D:5      | Reached * piety under Okawaru
  5445 | D:5      | Noticed Grinder
  5454 | D:5      | Killed Grinder
  5455 | D:5      | Reached skill level 8 in Axes
  5619 | D:5      | Found a runed translucent door.
  5620 | D:5      | Noticed Crazy Yiuf
  5689 | D:5      | Killed Crazy Yiuf
  5694 | D:5      | Identified the +3 hammer "Bojyorgh" {drain, Str+2 Int+4
                  | Stlth+}
  6167 | D:6      | Identified the +8 dagger "Daod" {pain, rF+ rCorr}
  6273 | D:6      | Reached skill level 1 in Invocations
  6423 | D:6      | Found an opulent altar of Gozag.
  6437 | D:6      | Reached ** piety under Okawaru
  6472 | D:6      | Reached skill level 9 in Axes
  6724 | D:6      | Noticed Eustachio
  6746 | D:6      | Killed Eustachio
  6747 | D:6      | Reached XP level 9. HP: 64/79 MP: 9/9
  6935 | D:7      | Found a shimmering blue altar of Sif Muna.
  7050 | D:7      | Slain by an ogre

Illustrated notes

Levels and vault maps discovered:
D:1:      ebering_hopf_link, layout_basic
D:2:      layout_loops_corners, chequers_ecumenical_altar_simple
D:3:      kb_forest_paths, layout_loops_cross, gup_sewer_entry_bowl
D:4:      layout_basic, lemuel_temple_firewalk_a, serial_glass, glass_columns_a,
          glass_columns_a, gammafunk_ghost_stat_death,
          eino_small_chamber_without_monster, grunt_decor_junction,
          chequers_serial_rivers_small_b
D:5:      layout_rooms, uniq_grinder, uniq_crazy_yiuf_cottage
D:6:      black_bear_nest_2, layout_basic, overflow_temple_1_default,
          grunt_decor_mini_mirrors, chequers_serial_rivers_large_b,
          uniq_eustachio
D:7:      layout_cave_pools, old_standard_altar, lemuel_doored_altar,
          gup_ossuary_entry_pyramid, chequers_serial_rivers_marsh
Temple:   zaba_magenta_temple

Skill      XL: |  1  2  3  4  5  6  7  8  9 |
---------------+----------------------------+-----
Axes           | 3 4 5 6 7 9 |  9.7
Armour         | 4 5 6 7 |  7.5
Shields        | 4 5 6 |  6.8
Fighting       | 4 5 6 7 |  7.6
Invocations    | 2 3 |  3.7

Action                     |  1- 3 |  4- 6 |  7- 9 || total
---------------------------+-------+-------+-------++-------
  Melee: War axe           |    74 |   132 |   203 ||   409
         Headbutt          |     7 |    14 |    38 ||    59
         Punch             |       |       |     2 ||     2
  Throw: Throwing net      |       |       |     1 ||     1
 Invoke: Heroism           |       |       |     2 ||     2
    Use: Scroll            |       |       |     8 ||     8
         Potion            |       |       |     2 ||     2
 Armour: Scale mail        |    42 |    44 |       ||    86
         Chain mail        |       |    33 |   121 ||   154
  Dodge: Dodged            |    23 |    79 |   101 ||   203
  Block: Buckler           |       |       |    33 ||    33
